 Dungeon Crawl Stone Soup version 0.27.1-1-g398f81649c (webtiles) character file.

Game seed: 13953037974015134667

1800 T3K the Magician (level 8, -12/81 HPs)
             Began as a White Draconian Air Elementalist on Sept 9, 2021.
             Was a Priest of Okawaru.
             Mangled by an orc knight (15 damage)
             ... in a bailey.
             The game lasted 00:27:58 (9186 turns).

T3K the Magician (White Draconian Air Elementalist) Turns: 9186, Time: 00:27:59

Health: -12/81     AC: 10    Str: 16    XL:     8   Next: 83%
Magic:  0/17       EV: 12    Int: 19    God:    Okawaru [***...]
Gold:   324        SH:  0    Dex: 11    Spells: 13/19 levels left

rFire    . . .     SeeInvis .   j - +5 quarterstaff (chaos)
rCold    + . .     Faith    .   (shield currently unavailable)
rNeg     . . .     Spirit   +   (armour unavailable)
rPois    .         Reflect  .   (helmet restricted)
rElec    .         Harm     .   k - +0 cloak
rCorr    .         Rampage  .   e - +2 pair of gloves
Will     .....                  (no boots)
Stlth    ..........             u - amulet of guardian spirit
HPRegen  0.23/turn              s - +6 ring of strength
MPRegen  0.15/turn              (no ring)

@: mighty, berserking, short of breath, very quick
A: breathe frost, AC +6, unfitting armour, cold resistance 1, cold-blooded,
frail 1, no potion heal 1
a: Breathe Frost, Renounce Religion, Heroism


You were in a bailey.
You worshipped Okawaru.
Okawaru was most pleased with you.
You visited 2 branches of the dungeon, and saw 8 of its levels.
You also visited: Bailey.

You collected 324 gold pieces.

Inventory:

Hand Weapons
 a - a +0 club
 b - a +3 dagger
 j - a +5 quarterstaff of chaos (weapon)
Armour
 e - a +2 pair of gloves (worn)
 g - a +2 scale mail of cold resistance
 k - a +0 cloak (worn)
 t - a +0 helmet
Magical Staves
 i - a staff of cold
 r - a staff of cold
Jewellery
 s - a +6 ring of strength (left hand)
 u - an amulet of guardian spirit (around neck)
Scrolls
 d - 3 scrolls of magic mapping
 f - a scroll of blinking
 m - a scroll of torment
 n - 2 scrolls of enchant armour {unknown}
 o - a scroll of immolation
 w - a scroll of noise
 x - a scroll of fear {unknown}
Potions
 c - a potion of curing
 h - a potion of flight {unknown}
 l - 2 potions of might


   Skills:
 + Level 2.2 Fighting
 + Level 2.9 Staves
 + Level 0.1 Throwing
 + Level 3.0 Dodging
 + Level 3.3 Stealth
 + Level 1.4 Unarmed Combat
 + Level 6.0 Spellcasting
 + Level 5.3 Conjurations
 + Level 6.0 Air Magic
 + Level 0.1 Invocations


You had 13 spell levels left.
You knew the following spells:

 Your Spells              Type           Power      Damage    Failure   Level
a - Shock                 Conj/Air       100%       1d9       1%          1
b - Swiftness             Air            28%        N/A       2%          3
c - Static Discharge      Conj/Air       27%        N/A       1%          2

Your spell library contained the following spells:

 Spells                   Type           Power      Damage    Failure   Level
 Airstrike                Air            14%        N/A       10%         4
 Leda's Liquefaction      Hex/Erth       2%         N/A       73%         4
 Bolt of Magma            Conj/Fire/Erth 6%         4d6       83%         5
 Statue Form              Tmut/Erth      3%         N/A       100%        6


Dungeon Overview and Level Annotations

Branches:
Dungeon (7/15)             Temple (1/1) D:5          Bailey (1/1)

Altars:
Ashenzari
Cheibriados
Elyvilon
Fedhas
Gozag
Hepliaklqana
Kikubaaqudgha
Makhleb
Nemelex Xobeh
Okawaru
Qazlal
Ru
Trog
Vehumet
Wu Jian
Xom
Yredelemnul
Zin
The Shining One

Shops:
D:1 (   D:2 !   D:7 (

Annotations:
D:7 1 runed translucent door


Innate Abilities, Weirdness & Mutations

You can breathe waves of freezing cold which knock back foes.
Your icy white scales are hard. (AC +6)
You cannot fit into any form of body armour.
Your flesh is cold resistant. (rC+)
You are cold-blooded and may be slowed by cold attacks.
You are frail. (-10% HP)
Potions are less effective at restoring your health.


Message History

The orc knight is struck by an arc of lightning.
The orc knight is heavily wounded.
The lightning grounds out.
The orc knight hits you but does no damage.
The orc knight is struck by an arc of lightning.
The orc knight is heavily wounded.
You are struck by an arc of lightning.
The orc knight is struck by an arc of lightning.
The orc knight is severely wounded.
The lightning grounds out.
The orc knight closely misses you.
The orc knight is struck by an arc of lightning.
The orc knight is severely wounded.
The lightning grounds out.
The orc knight barely misses you.
You hit the orc knight.
The orc knight suddenly seems more agile.
The orc knight is severely wounded.
You feel like a meek peon again. The orc knight completely misses you.
You closely miss the orc knight.
The orc knight is severely wounded.
The orc knight hits you with a +0 war axe.
You hit the orc knight but do no damage.
The orc knight is severely wounded.
The orc knight hits you with a +0 war axe!!
Ouch! That really hurt!
* * * LOW HITPOINT WARNING * * *
The orc knight closely misses you.
You feel very mighty all of a sudden.
The orc knight hits you but does no damage.
A red film seems to cover your vision as you go berserk!
You feel yourself moving faster!
You feel mighty!
The orc knight hits you with a +0 war axe!!
* * * LOW HITPOINT WARNING * * *
You sock the orc knight!
The orc knight looks as sick as possible!
The orc knight is almost dead.
You hit the orc knight.
The orc knight flickers and vanishes!
Deactivating autopickup; reactivate with Ctrl-A.
Something hits you!
You die...

##+## #...#
#((.# )..
######{######
#....≈@≈...^#
#'###≈.≈###'#
#....≈.≈....#
#'###≈.≈###'#
#....≈.≈(...#
#'###≈.≈###'#
#...(≈.≈(...#
#'###≈.≈###'#
#...(≈.≈....#


There were no monsters in sight!

Vanquished Creatures
  Sigmund (D:4)
  The ghost of GravelGoth the Grave Robber, an amateur HuNe (D:4)
  2 sky beasts
  An orc warrior (D:7)
  An ice beast (D:5)
  A necrophage (D:5)
  A centaur (D:4)
  A phantom (D:4)
  A wyvern zombie (D:7)
  A kobold brigand (D:7)
  A bullfrog zombie (D:5)
  3 hounds
  3 jellies
  Crazy Yiuf (D:2)
  3 orc priests (D:5)
  A bullfrog skeleton (D:6)
  A centaur skeleton (D:6)
  2 iguanas
  3 orc wizards
  Terence (D:2)
  4 adders
  7 gnolls
  A white imp (D:5)
  4 worms
  2 dart slugs (D:1)
  14 orcs
  8 bats
  4 endoplasms
  4 giant cockroaches
  12 goblins
  10 hobgoblins
  6 jackals (D:1)
  4 quokkas
  11 ball pythons
  6 frilled lizards
  27 kobolds
  5 rats
159 creatures vanquished.

Vanquished Creatures (others)
  A plant (D:1)
1 creature vanquished.

Grand Total: 160 creatures vanquished

Notes
Turn   | Place    | Note
-------+----------+-------------------------------------------
     0 | D:1      | T3K the Draconian Air Elementalist began the quest for the
                  | Orb.
     0 | D:1      | Reached XP level 1. HP: 14/14 MP: 3/3
   152 | D:1      | Reached XP level 2. HP: 2/20 MP: 0/5
   555 | D:1      | Found Ginediri's Weapon Emporium.
   832 | D:1      | Reached XP level 3. HP: 26/26 MP: 2/6
  1700 | D:1      | Found a faded altar of an unknown god.
  1704 | D:1      | Became a worshipper of Warmaster Okawaru
  1704 | D:1      | Reached * piety under Okawaru
  2038 | D:2      | Learned a level 3 spell: Swiftness
  2086 | D:2      | Found Ocveewab's Distillery.
  2446 | D:2      | Reached XP level 4. HP: 31/33 MP: 5/8
  2449 | D:2      | Noticed Terence
  2491 | D:2      | Killed Terence
  2535 | D:2      | Reached skill level 1 in Unarmed Combat
  2816 | D:2      | Learned a level 2 spell: Static Discharge
  2867 | D:2      | Found a runed translucent door.
  2868 | D:2      | Noticed Crazy Yiuf
  3026 | D:2      | Reached XP level 5. HP: 38/38 MP: 5/9
  3346 | D:2      | Killed Crazy Yiuf
  3655 | D:3      | Found a shimmering altar of Xom.
  4687 | D:4      | Found a glowing silver altar of Zin.
  4695 | D:4      | Reached XP level 6. HP: 46/46 MP: 5/11
  4769 | D:4      | Found a runed translucent gate.
  4769 | D:4      | Found a runed translucent gate.
  4769 | D:4      | Found a runed translucent gate.
  4770 | D:4      | Noticed GravelGoth's ghost (amateur HuNe)
  4781 | D:4      | Killed GravelGoth's ghost
  4782 | D:4      | Reached skill level 1 in Staves
  5321 | D:4      | Noticed Sigmund
  5337 | D:4      | Reached ** piety under Okawaru
  5338 | D:4      | Your scales start taking on an icy white colour.
  5338 | D:4      | Reached XP level 7. HP: 25/51 MP: 9/13
  5338 | D:4      | Gained mutation: Your flesh is cold resistant. (rC+) [White
                  | Draconian growth]
  5358 | D:4      | Killed Sigmund
  5359 | D:4      | Reached skill level 1 in Fighting
  5743 | D:4      | Found a burning altar of Makhleb.
  5925 | D:5      | Entered Level 5 of the Dungeon
  5957 | D:5      | Reached skill level 5 in Air Magic
  6138 | D:5      | Reached skill level 5 in Spellcasting
  6286 | D:5      | Reached XP level 8. HP: 50/59 MP: 13/15
  6504 | D:5      | Found a staircase to the Ecumenical Temple.
  6820 | D:5      | Gained mutation: You have a pair of small antennae on your
                  | head. [potion of mutation]
  6820 | D:5      | Gained mutation: Your flesh is very cold resistant. (rC++)
                  | [potion of mutation]
  6821 | D:5      | Lost mutation: You have a pair of small antennae on your
                  | head. [potion of mutation]
  6821 | D:5      | Lost mutation: Your flesh is very cold resistant. (rC++)
                  | [potion of mutation]
  6821 | D:5      | Gained mutation: You are frail. (-10% HP) [potion of
                  | mutation]
  6821 | D:5      | Gained mutation: Potions are less effective at restoring
                  | your health. [potion of mutation]
  7053 | Temple   | Entered the Ecumenical Temple
  7664 | D:6      | Reached skill level 5 in Conjurations
  7877 | D:6      | Reached *** piety under Okawaru
  8365 | D:7      | Found a runed translucent door.
  8371 | D:7      | Found the +10 tower shield of Ignorance {rN+ Int-4}
  8388 | D:7      | Found an ancient bone altar of Kikubaaqudgha.
  8445 | D:7      | Found a flagged portal.
  8453 | D:7      | HP: 2/54 [steam dragon] (2)]
  8761 | D:7      | Found Axipris's Antique Weapon Boutique.
  8811 | Bailey   | Entered a bailey
  9166 | Bailey   | Noticed an orc knight
  9184 | Bailey   | HP: 2/81 [orc knight (20)]
  9186 | Bailey   | Mangled by an orc knight

Illustrated notes

Levels and vault maps discovered:
D:1:      minmay_arrival_loop, layout_basic, serial_shops, shop,
          hellmonk_ecumenical_altar_heavens_door, serial_bayou_pond_e
D:2:      layout_basic, serial_shops, shop, uniq_crazy_yiuf_cottage,
          uniq_terence
D:3:      layout_basic, xom_butterflies, serial_corexii_hall,
          corexii_hall_statues_i, corexii_hall_statues_x
D:4:      layout_rooms, lightli_temple_of_fire,
          mainiacjoe_overflow_cross_hatched, ebering_ghost_rock_garden,
          uniq_sigmund
D:5:      layout_loops_ring, temple_fountains
D:6:      layout_basic
D:7:      layout_loops_ring, mainiacjoe_overflow_chevrons, enter_bailey_3,
          serial_shops, kennysheep_little_box, hangedman_decor_opposing,
          chequers_guarded_unrand_ignorance
Temple:   eino_narrow_crystal_temple
Bailey:   bailey_axe_1, bailey

Skill      XL: |  1  2  3  4  5  6  7  8 |
---------------+-------------------------+-----
Conjurations   | 2 3 4 5 |  5.3
Unarmed Combat | 1 |  1.4
Air Magic      | 4 5 6 |  6.0
Spellcasting   | 3 4 5 6 |  6.0
Staves         | 1 2 |  2.9
Stealth        | 2 3 |  3.3
Dodging        | 2 3 |  3.0
Fighting       | 1 2 |  2.2
Throwing       | |  0.1
Invocations    | |  0.1

Action                   |  1- 3 |  4- 6 |  7- 9 || total
-------------------------+-------+-------+-------++-------
Melee: Unarmed           |    78 |    17 |       ||    95
       Tailslap          |     9 |     1 |     2 ||    12
       Quarterstaff      |       |    21 |    25 ||    46
Throw: Throwing net      |       |     1 |       ||     1
       Dart              |       |       |     4 ||     4
 Cast: Shock             |    92 |   115 |   131 ||   338
       Static Discharge  |       |     3 |    24 ||    27
Invok: Heroism           |       |     1 |     3 ||     4
 Abil: Breathe Frost     |       |       |     3 ||     3
  Use: Potion            |     2 |       |     6 ||     8
       Scroll            |     1 |     7 |    10 ||    18
 Stab: Sleeping          |       |     1 |       ||     1
Armor: Skin              |    36 |    20 |    32 ||    88
Dodge: Dodged            |    48 |    32 |    38 ||   118
